 Dungeon Crawl Stone Soup version 0.18.1-48-g4cf74bf (webtiles) character file.

107 sdOOK the Conjurer (level 4, -7/27 HPs)
             Began as a High Elf Conjurer on Sept 5, 2016.
             Was an Initiate of Vehumet.
             Mangled by baljet's ghost (9 damage)
             ... on level 3 of the Dungeon.
             The game lasted 00:17:59 (2857 turns).

sdOOK the Conjurer (High Elf Conjurer)              Turns: 2857, Time: 00:18:00

Health: -7/27      AC:  3    Str:  7    XL:     4   Next: 56%
Magic:  1/10       EV: 13    Int: 20    God:    Vehumet [......]
Gold:   81         SH:  4    Dex: 15    Spells: 3 memorised, 3 levels left

rFire  . . .     SeeInvis .     n - +2 dagger (venom)
rCold  + . .     Gourm    .     a - +0 robe
rNeg   . . .     Faith    .     (no shield)
rPois  .         Spirit   .     (no helmet)
rElec  .         Dismiss  .     m - +0 cloak
rCorr  .         Reflect  +     (no gloves)
SustAt .         Harm     .     (no boots)
MR     .....                    q - +4 amulet of reflection
Stlth  ++........               (no ring)
                                r - ring of protection from cold

@: lethally poisoned (-7 -> -21), very slightly contaminated, not resistant to
hostile enchantments, unstealthy
A: no striking features
a: Renounce Religion


You were on level 3 of the Dungeon.
You worshipped Vehumet.
Vehumet was noncommittal.
You were hungry.

You visited 1 branch of the dungeon, and saw 3 of its levels.

You collected 81 gold pieces.

Inventory:

Hand Weapons
 g - a +0 lajatang
 n - a +2 dagger of venom (weapon)
Missiles
 i - 61 arrows
Armour
 a - a +0 robe (worn)
 m - a +0 cloak (worn)
Jewellery
 q - a +4 amulet of reflection (around neck)
 r - a ring of protection from cold (left hand)
Potions
 v - a potion of flight
Books
 b - a book of Conjurations

   Spells                             Type                      Level
   a - Magic Dart                     Conjuration                  1
   b - Searing Ray                    Conjuration                  2
   c - Dazzling Spray                 Conjuration/Hexes            3
   d - Fulminant Prism                Conjuration/Hexes            4
   e - Iskenderun's Mystic Blast      Conjuration                  4
   f - Iskenderun's Battlesphere      Conjuration/Charms           5
Comestibles
 c - a bread ration
 f - a meat ration
 j - a royal jelly
 k - a beef jerky


   Skills:
 + Level 2.4 Dodging
 + Level 3.2 Stealth
 + Level 3.3 Spellcasting
 + Level 5.5 Conjurations
 + Level 0.2 Hexes


You had 3 spell levels left.
You knew the following spells:

 Your Spells              Type           Power        Failure   Level  Hunger
a - Magic Dart            Conj           ####         1%          1    None
b - Searing Ray           Conj           ####..       2%          2    ##.....
c - Dazzling Spray        Conj/Hex       ##....       14%         3    ###....


Dungeon Overview and Level Annotations

Branches:
Dungeon (3/15)

Altars:
Elyvilon
Kikubaaqudgha
Qazlal
Vehumet

Annotations:
D:3 baljet's ghost, amateur MfIE


Message History

You feel sick.
Baljet's ghost points at you and mumbles some strange words.
You are frozen.
* * * LOW HITPOINT WARNING * * *
Unknown command.
You miss baljet's ghost.
Baljet's ghost is severely damaged.
* * * LOW HITPOINT WARNING * * *
You feel sick. You block baljet's ghost's attack.
Unknown command.
Casting: Magic Dart
Confirm with . or Enter, or press ? or * to list all spells.
Aiming: Magic Dart
Press: ? - help, Shift-Dir - straight line, f/p - baljet's ghost
Aim: baljet's ghost, wielding a weapon of venom (severely damaged)
The magic dart hits baljet's ghost.
Baljet's ghost is severely damaged.
* * * LOW HITPOINT WARNING * * *
You feel sick. Baljet's ghost hits you!
You die...

# #..# #.........# ##
######..# #.........#
.###.......#
#.........#
..##.......#
##.......##
#.##.......#
#.).....##
...........#
##.#######
####.......# #..#
..##.......# #W##
#..........#####@#
###..............#####
#
#####.#.####........#
.# ..............####
.# .......##...#####
.# ..##.## #.### .. ..
.. ... . ... .### .


You could see baljet's ghost.

Vanquished Creatures
  Jessica (D:2)
  2 adders
  An ooze (D:1)
  A worm (D:3)
  A dart slug (D:1)
  A giant gecko (D:2)
  4 giant cockroaches
  8 goblins
  7 hobgoblins
  7 kobolds
  13 bats
  2 giant newts (D:1)
  4 rats
52 creatures vanquished.

Vanquished Creatures (others)
  An ooze (D:2)
  A rat (D:2)
2 creatures vanquished.

Grand Total: 54 creatures vanquished

Notes
Turn   | Place    | Note
--------------------------------------------------------------
     0 | D:1      | sdOOK the High Elf Conjurer began the quest for the Orb.
     0 | D:1      | Reached XP level 1. HP: 11/11 MP: 4/4
   209 | D:1      | Reached XP level 2. HP: 5/17 MP: 0/6
   618 | D:1      | Learned a level 2 spell: Searing Ray
   714 | D:1      | Reached skill level 5 in Conjurations
   961 | D:1      | Reached XP level 3. HP: 21/21 MP: 6/8
   966 | D:1      | Learned a level 3 spell: Dazzling Spray
  1605 | D:2      | Found a white marble altar of Elyvilon.
  1694 | D:2      | Found an ancient bone altar of Kikubaaqudgha.
  1732 | D:2      | Found a stormy altar of Qazlal.
  1733 | D:2      | Found a radiant altar of Vehumet.
  1768 | D:2      | Became a worshipper of Vehumet
  1806 | D:2      | Noticed Jessica
  1809 | D:2      | Killed Jessica
  1809 | D:2      | Reached XP level 4. HP: 27/27 MP: 2/9
  2561 | D:3      | Noticed baljet's ghost (amateur MfIE)
  2857 | D:3      | Mangled by baljet's ghost

Skill      XL: |  1  2  3 |
---------------+----------+-----
Conjurations   | 5 |  5.5
Stealth        | 3 |  3.2
Spellcasting   | 3 |  3.3
Dodging        | |  2.4
Hexes          | |  0.2

Action                   |  1- 3 |  4- 6 || total
-------------------------+-------+-------++-------
Melee: Unarmed           |     3 |       ||     3
       Dagger            |     4 |    21 ||    25
 Cast: Magic Dart        |    56 |    33 ||    89
       Searing Ray       |     2 |     9 ||    11
       Dazzling Spray    |     6 |     3 ||     9
  Use: Scroll            |     5 |     6 ||    11
       Potion            |     2 |     3 ||     5
 Stab: Invisible         |       |     1 ||     1
  Eat: Chunk             |     3 |     4 ||     7
Armor: Robe              |     4 |     3 ||     7
Dodge: Dodged            |    11 |    12 ||    23
Block: Other             |       |     4 ||     4
